 Dungeon Crawl Stone Soup version 0.24-a0-203-gf0bc1e9 (webtiles) character file.

Game seed: 5754921309032586316

30 Goblin1989 the Vandal (level 3, 0/29 HPs)
             Began as a Demonspawn Hunter on Mar 27, 2019.
             Slain by a worker ant (1 damage)
             ... on level 1 of the Dungeon.
             The game lasted 00:02:45 (812 turns).

Goblin1989 the Vandal (Demonspawn Hunter)            Turns: 812, Time: 00:02:46

Health: 0/29       AC:  5    Str: 13    XL:     3   Next: 3%
Magic:  3/3        EV: 11    Int: 12    God:
Gold:   56         SH:  0    Dex: 13    Spells: 2/2 levels left

rFire    . . .     SeeInvis .   a - +1 hunting sling
rCold    . . .     Gourm    .   (no shield)
rNeg     . . .     Faith    .   m - +0 ring mail
rPois    .         Spirit   .   (no helmet)
rElec    .         Reflect  .   (no cloak)
rCorr    .         Harm     .   (no gloves)
MR       .....                  (no boots)
Stlth    +.........             (no amulet)
HPRegen  0.09/turn              (no ring)
MPRegen  0.08/turn              (no ring)

@: lethally poisoned (0 -> -6), hasted, very quick
A: powered by death 1
a: no special abilities


You were on level 1 of the Dungeon.
You were not hungry.

You visited 1 branch of the dungeon, and saw 2 of its levels.

You collected 56 gold pieces.

Inventory:

Hand Weapons
 a - a +1 hunting sling (weapon)
 b - a +0 short sword
 s - a +0 whip
Missiles
 l - 7 javelins {@Q2}
 n - 45 stones (quivered) {@Q3}
 r - 24 arrows
Armour
 m - a +0 ring mail (worn)
Jewellery
 k - an uncursed amulet of faith {unknown}
Scrolls
 f - a scroll of blinking {unknown}
 g - a scroll of amnesia {unknown}
 h - 2 scrolls of remove curse {unknown}
 j - 4 scrolls of identify {unknown}
Potions
 o - a potion of flight {unknown}
Comestibles
 e - 5 rations


   Skills:
 + Level 3.5 Fighting
 - Level 3.6 Slings
 - Level 1.7 Dodging
 - Level 0.8 Stealth


You had 2 spell levels left.
You didn't know any spells.
Your spell library was empty.

Dungeon Overview and Level Annotations

Branches:
Dungeon (2/15)

Altars:

Annotations:
D:2 Terence


Innate Abilities, Weirdness & Mutations

You regenerate a little health from kills.


Message History

Aim: a jackal (moderately wounded)
You shoot a sling bullet.
The sling bullet closely misses the jackal.
The jackal barely misses you.
Firing (i - inventory. (/) - cycle)
d - 9 sling bullets (quivered)
Press: ? - help, Shift-Dir - straight line, f/p - jackal
Aim: a jackal (moderately wounded)
You shoot a sling bullet. The sling bullet hits the jackal!
You kill the jackal!
The worker ant barely misses you.
Firing (i - inventory. (/) - cycle)
d - 8 sling bullets (quivered)
Press: ? - help, Shift-Dir - straight line, f - worker ant
Aim: a worker ant You shoot a sling bullet.
The sling bullet closely misses the worker ant.
You feel sick. The worker ant closely misses you.
You take 1 damage, and have 18/29 hp.
Firing (i - inventory. (/) - cycle)
d - 7 sling bullets (quivered)
Press: ? - help, Shift-Dir - straight line, f/p - worker ant
Aim: a worker ant You shoot a sling bullet.
The sling bullet hits the worker ant but does no damage.
The worker ant bites you.
You are more poisoned.
The worker ant poisons you!
You take 1 damage, and have 17/29 hp.
You are too injured to fight recklessly!
You are too injured to fight recklessly!
You are too injured to fight recklessly!
You are too injured to fight recklessly!
Unknown command.
Firing (i - inventory. (/) - cycle)
d - 6 sling bullets (quivered)
Press: ? - help, Shift-Dir - straight line, f/p - worker ant
Aim: a worker ant You shoot a sling bullet.
The sling bullet hits the worker ant.
The worker ant is lightly wounded.
You feel sick.
The worker ant waves its antennae.
The worker ant bites you but does no damage.
You take 1 damage, and have 16/29 hp.
Firing (i - inventory. (/) - cycle)
d - 5 sling bullets (quivered)
Press: ? - help, Shift-Dir - straight line, f/p - worker ant
Aim: a worker ant (lightly wounded)
You shoot a sling bullet.
The sling bullet closely misses the worker ant.
You feel sick. The worker ant closely misses you.
You take 1 damage, and have 15/29 hp.
Firing (i - inventory. (/) - cycle)
d - 4 sling bullets (quivered)
Press: ? - help, Shift-Dir - straight line, f/p - worker ant
Aim: a worker ant (lightly wounded)
You shoot a sling bullet.
The sling bullet closely misses the worker ant.
The worker ant barely misses you. The worker ant bites you.
* * * LOW HITPOINT WARNING * * *
You take 2 damage, and have 13/29 hp.
Firing (i - inventory. (/) - cycle)
d - 3 sling bullets (quivered)
Press: ? - help, Shift-Dir - straight line, f/p - worker ant
Aim: a worker ant (lightly wounded)
You shoot a sling bullet. The sling bullet hits the worker ant.
The worker ant is moderately wounded.
You feel sick. The worker ant misses you.
You take 1 damage, and have 12/29 hp.
Unknown command.
Firing (i - inventory. (/) - cycle)
d - 2 sling bullets (quivered)
Press: ? - help, Shift-Dir - straight line, f/p - worker ant
Aim: a worker ant (moderately wounded)
You shoot a sling bullet. The sling bullet hits the worker ant.
The worker ant is moderately wounded.
You feel sick. The worker ant bites you.
* * * LOW HITPOINT WARNING * * *
You take 3 damage, and have 9/29 hp.
Unknown command.
Firing (i - inventory. (/) - cycle)
d - a sling bullet (quivered)
Press: ? - help, Shift-Dir - straight line, f/p - worker ant
Aim: a worker ant (moderately wounded)
You shoot a sling bullet. The sling bullet hits the worker ant.
The worker ant is moderately wounded.
The worker ant closely misses you.
Firing (i - inventory. (/) - cycle)
n - 47 stones (quivered)
{@Q3}
Press: ? - help, Shift-Dir - straight line, f/p - worker ant
Aim: a worker ant (moderately wounded)
You shoot a stone {@Q3}.
The stone {@Q3} hits the worker ant but does no damage.
The worker ant is moderately wounded.
* * * LOW HITPOINT WARNING * * *
You feel sick. The worker ant barely misses you.
You take 1 damage, and have 8/29 hp.
Unknown command.
Firing (i - inventory. (/) - cycle)
n - 46 stones (quivered)
{@Q3}
Press: ? - help, Shift-Dir - straight line, f/p - worker ant
Aim: a worker ant (moderately wounded)
You shoot a stone {@Q3}. The stone {@Q3} hits the worker ant.
The worker ant is severely wounded.
* * * LOW HITPOINT WARNING * * *
You feel sick. The worker ant bites you.
* * * LOW HITPOINT WARNING * * *
The worker ant closely misses you.
You take 7 damage, and have 1/29 hp.
MASSIVE DAMAGE!!
It was a potion of haste.
You feel yourself speed up. The worker ant bites you.
You die...

█.█ █........... █.█
█.█.█.....██ ███.█
█.█.█████... █...█
█.█.█ █..█ █.███
█.█.█ █..█ █.█ █.█.█
█..█ █.█ █.█.█ █..█
█.███████.█.█ █..█
█..@a..(█.█.█████..█
███████(...█.......█
█....█.██████.█
█.████.█ █.█ █.█ █.█
█.. ██.████.███ ███
██..██.....█
██.█.██.███.██ ███
█.███.█.█ █..███≈≈


You could see a worker ant.

Vanquished Creatures
  An ooze (D:1)
  A dart slug (D:1)
  3 goblins (D:1)
  3 hobgoblins
  2 jackals (D:1)
  2 bats (D:1)
  2 frilled lizards
  3 kobolds (D:1)
  7 rats (D:1)
24 creatures vanquished.

Notes
Turn   | Place    | Note
-------+----------+-------------------------------------------
     0 | D:1      | Goblin1989 the Demonspawn Hunter began the quest for the
                  | Orb.
     0 | D:1      | Reached XP level 1. HP: 16/16 MP: 1/1
    89 | D:1      | Gained mutation: You regenerate a little health from kills.
                  | [demonic ancestry]
    89 | D:1      | Reached XP level 2. HP: 23/23 MP: 2/2
   776 | D:2      | Noticed Terence
   792 | D:1      | Reached XP level 3. HP: 21/29 MP: 3/3
   811 | D:1      | HP: 1/29 [worker ant (6)]
   812 | D:1      | Slain by a worker ant

Levels and vault maps discovered:
D:1:      wander_arrival_chamber, layout_loops_ring
D:2:      layout_rooms, uniq_terence

Skill      XL: |  1  2 |
---------------+-------+-----
Fighting       | 3 |  3.5
Slings         | |  3.6
Dodging        | |  1.7
Stealth        | |  0.8

Action                   || total
-------------------------++-------
 Fire: Hunting sling     ||    66
  Use: Potion            ||     1
Armor: Ring mail         ||     8
Dodge: Dodged            ||    26

Table legend:
 A = Non-vault XP
 B = Vault XP
 C = Vault XP percentage of total XP
 D = Non-vault monster count
 E = Vault monster count
 F = Vault count percentage of total count
                 A         B        C        D         E       F
            +---------+---------+-------+---------+---------+-------
      Total |      43 |       0 |   0.0 |      24 |       0 |   0.0
            +---------+---------+-------+---------+---------+-------
        D:1 |      38 |       0 |   0.0 |      21 |       0 |   0.0
        D:2 |       5 |       0 |   0.0 |       3 |       0 |   0.0
            +---------+---------+-------+---------+---------+-------

Levels and vault maps discovered:
D:1:      wander_arrival_chamber, layout_loops_ring
D:2:      layout_rooms, uniq_terence
